 Dungeon Crawl Stone Soup version 0.20.1-1-g8b1a95d (webtiles) character file.

125 type32 the Ogre Mage (level 5, 0/45 HPs)
             Began as an Ogre Wizard on Oct 6, 2017.
             Succumbed to a worker ant's poison
             ... on level 2 of the Dungeon.
             The game lasted 00:10:22 (4742 turns).

type32 the Ogre Mage (Ogre Wizard)                  Turns: 4742, Time: 00:10:23

Health: 0/45       AC:  3    Str: 10 (11) XL:     5   Next: 9%
Magic:  10/12      EV: 15    Int: 19 (20) God:
Gold:   69         SH:  0    Dex: 10 (12) Spells: 9/14 levels left

rFire    . . .     SeeInvis .   d - +0 mace
rCold    . . .     Gourm    .   (no shield)
rNeg     . . .     Faith    .   a - +0 robe
rPois    .         Spirit   .   b - +0 hat
rElec    .         Reflect  .   (no cloak)
rCorr    .         Harm     .   (gloves unavailable)
MR       .....                  (boots unavailable)
Stlth    +++.......             (no amulet)
Regen    0.2/turn               (no ring)
MPRegen  0.2/turn               (no ring)

@: agile, lethally poisoned (0 -> -4)
A: unfitting armour, tough skin 1
a: no special abilities


You were on level 2 of the Dungeon.
You were not hungry.

You visited 1 branch of the dungeon, and saw 3 of its levels.

You collected 69 gold pieces.

Inventory:

Hand Weapons
 d - a +0 mace (weapon)
 m - a +0 hunting sling
Missiles
 g - 168 stones (quivered)
Armour
 a - a +0 robe (worn)
 b - a +0 hat (worn)
Scrolls
 i - a scroll of teleportation
 o - 2 scrolls of noise
 p - a scroll of blinking
Books
 c - a book of Minor Magic

   Spells                             Type                      Level
   a - Magic Dart                     Conjuration                  1
   b - Blink                          Translocation                2
   c - Call Imp                       Summoning                    2
   d - Slow                           Hexes                        2
   e - Conjure Flame                  Conjuration/Fire             3
   f - Mephitic Cloud                 Conjuration/Poison/Air       3
Comestibles
 j - 3 fruits


   Skills:
 - Level 0.1 Slings
 - Level 1.7 Dodging
 - Level 1.4 Stealth
 - Level 0.1 Unarmed Combat
 - Level 5.0 Spellcasting
 * Level 2.6 Conjurations
 * Level 1.6 Summonings
 - Level 0.8 Translocations


You had 9 spell levels left.
You knew the following spells:

 Your Spells              Type           Power        Failure   Level  Hunger
a - Magic Dart            Conj           ##..         4%          1    None
b - Blink                 Tloc           N/A          13%         2    #......
c - Call Imp              Summ           ##......     10%         2    #......


Dungeon Overview and Level Annotations

Branches:
Dungeon (3/15)

Altars:
Ashenzari
Beogh


Innate Abilities, Weirdness & Mutations

You are too large for most types of armour.
You have tough skin. (AC +1)


Message History

* * * LOW HITPOINT WARNING * * *
You are more poisoned.
The worker ant poisons you! The worker ant bites you.
* * * LOW HITPOINT WARNING * * *
It was a potion of agility.
You feel agile all of a sudden.
* * * LOW HITPOINT WARNING * * *
You feel sick. The worker ant misses you.
Your magical contamination has completely faded away.
It was a potion of degeneration.
There was something very wrong with that liquid.
You feel weakened.
You feel dopey.
You feel clumsy.
* * * LOW HITPOINT WARNING * * *
You feel sick. The worker ant barely misses you.
The worker ant barely misses you.
* * * LOW HITPOINT WARNING * * *
You feel sick.
* * * LOW HITPOINT WARNING * * *
You feel sick.
You die...

......≈≈≈≈≈.P..#..#
#....#
.....#≈≈≈≈P##..#..#
#....######
....###≈≈....###..#
#..........
.[...#≈≈P..### #..#
#..........
.....≈≈..### #..#
#..........
..)..≈.### #..#
#..........
....≈≈## #a.#
######....[ #+#####
#..# #.##....
#@.###### #..##...
#..#....###...##.†
#..#...........##.
#..#....##......##
#..#....###......#
#..#....###......#
#..........#######
#.....####.......+
#.....# #......##


You could see a worker ant.

Vanquished Creatures
  Jessica (D:2)
  3 adders (D:2)
  An ooze (D:2)
  A worm (D:2)
  A leopard gecko (D:2)
  4 bats
  A giant cockroach (D:2)
  8 hobgoblins
  4 jackals
  6 kobolds
  2 ball pythons
  4 frilled lizards
  5 goblins (D:2)
  3 rats
44 creatures vanquished.

Vanquished Creatures (collateral kills)
  Terence (D:2)
  An adder (D:2)
  A worm (D:2)
  2 jackals (D:2)
5 creatures vanquished.

Grand Total: 49 creatures vanquished

Notes
Turn   | Place    | Note
-------+----------+-------------------------------------------
     0 | D:1      | type32 the Ogre Wizard began the quest for the Orb.
     0 | D:1      | Reached XP level 1. HP: 16/16 MP: 5/5
   233 | D:1      | Reached skill level 1 in Conjurations
   398 | D:1      | Reached skill level 4 in Spellcasting
   398 | D:1      | Reached XP level 2. HP: 24/24 MP: 2/7
  1008 | D:1      | Learned a level 2 spell: Blink
  1011 | D:1      | Learned a level 2 spell: Call Imp
  1222 | D:2      | Reached skill level 1 in Summonings
  1720 | D:2      | Reached XP level 3. HP: 27/31 MP: 5/8
  1897 | D:2      | Found a shattered altar of Ashenzari.
  2501 | D:2      | Reached XP level 4. HP: 28/39 MP: 2/10
  3030 | D:2      | Noticed Jessica
  3034 | D:2      | Killed Jessica
  3034 | D:2      | Reached skill level 5 in Spellcasting
  3286 | D:2      | Noticed Terence
  3303 | D:2      | Killed Terence
  3916 | D:2      | Reached XP level 5. HP: 45/45 MP: 12/12
  4342 | D:3      | Found a roughly hewn altar of Beogh.
  4737 | D:2      | HP: 2/45 [poisoned by a worker ant]
  4742 | D:2      | Succumbed to a worker ant's poison

Skill      XL: |  1  2  3  4 |
---------------+-------------+-----
Conjurations   | 1 2 |  2.6
Spellcasting   | 4 5 |  5.0
Summonings     | 1 |  1.6
Slings         | |  0.1
Dodging        | |  1.7
Stealth        | |  1.4
Unarmed Combat | |  0.1
Translocations | |  0.8

Action                   |  1- 3 |  4- 6 || total
-------------------------+-------+-------++-------
Melee: Dagger            |    89 |       ||    89
       Unarmed           |     1 |       ||     1
       Whip              |    29 |    20 ||    49
       Mace              |       |    39 ||    39
 Fire: Hunting sling     |    23 |     4 ||    27
Throw: Stone             |    21 |     1 ||    22
 Cast: Magic Dart        |    34 |    16 ||    50
       Call Imp          |     7 |     7 ||    14
       Blink             |     3 |     6 ||     9
  Use: Potion            |     2 |     4 ||     6
       Scroll            |       |     3 ||     3
 Stab: Sleeping          |     1 |     1 ||     2
  Eat: Chunk             |     4 |     1 ||     5
       Fruit             |     1 |     3 ||     4
       Bread ration      |       |     1 ||     1
       Royal jelly       |       |     1 ||     1
Armor: Robe              |    65 |    18 ||    83
Dodge: Dodged            |    90 |    40 ||   130
